 Dungeon Crawl Stone Soup version 0.19.1 (webtiles) character file.

74 dajomu the Covered (level 4, 0/35 HPs)
             Began as a Human Fighter on Dec 11, 2016.
             Slain by an orc
             ... wielding a +0 hand axe
              (3 damage)
             ... on level 3 of the Dungeon.
             The game lasted 00:12:15 (1929 turns).

dajomu the Covered (Human Fighter)                  Turns: 1929, Time: 00:12:16

Health: 0/35       AC:  7    Str: 16    XL:     4   Next: 52%
Magic:  4/4        EV:  7    Int:  9    God:
Gold:   178        SH:  9    Dex: 13    Spells: 0 memorised, 3 levels left

rFire  . . .     SeeInvis .     a - +0 long sword
rCold  . . .     Gourm    .     b - +0 scale mail
rNeg   . . .     Faith    .     c - +0 shield
rPois  .         Spirit   .     (no helmet)
rElec  .         Reflect  .     (no cloak)
rCorr  .         Harm     .     (no gloves)
MR     .....                    (no boots)
Stlth  ..........               (no amulet)
                                (no ring)
                                e - ring of wizardry

@: no status effects
A: no striking features
a: no special abilities


You were on level 3 of the Dungeon.
You were very hungry.

You visited 1 branch of the dungeon, and saw 3 of its levels.

You collected 178 gold pieces.

Inventory:

Hand Weapons
 a - a +0 long sword (weapon)
 n - a +2 mace of pain
Missiles
 j - 9 poisoned needles
Armour
 b - a +0 scale mail (worn)
 c - a +0 shield (worn)
 i - a +0 plate armour
 o - a +0 robe
 s - a +0 ring mail
Jewellery
 e - a ring of wizardry (left hand)
Wands
 m - a wand of digging (15/24)
Scrolls
 g - a scroll of recharging
 h - a scroll of enchant armour {unknown}
 k - a scroll of fog
 p - 3 scrolls of remove curse
 q - a scroll of amnesia {unknown}
Potions
 d - a potion of might
 l - a potion of agility {unknown}
 r - a potion of curing {unknown}
Books
 t - a book of Misfortune

   Spells                             Type                      Level
   a - Confusing Touch                Hexes                        1
   b - Confuse                        Hexes                        3
   c - Gell's Gravitas                Hexes/Translocation          3
   d - Petrify                        Transmutation/Earth          4
   e - Metabolic Englaciation         Hexes/Ice                    5
   f - Yara's Violent Unravelling     Hexes/Transmutation          5
Comestibles
 f - 2 bread rations


   Skills:
 + Level 3.3 Fighting
 + Level 2.6 Long Blades
 + Level 3.9 Armour
 + Level 0.8 Dodging
 + Level 3.4 Shields


You had 3 spell levels left.
You didn't know any spells.

Dungeon Overview and Level Annotations

Branches:
Dungeon (3/15)

Altars:
Kikubaaqudgha


Message History

Your shield and scale mail prevent you from hitting the orc.
You are feeling very hungry.
The orc wizard casts a spell at you. The magic dart hits you!
* * * LOW HITPOINT WARNING * * *
The orc hits you but does no damage.
The orc wizard gestures at you while chanting.
The magic dart hits you!
You closely miss the orc.
The orc wizard gestures wildly while chanting.
The orc wizard blinks!
You block the orc's attack.
The orc wizard gestures wildly while chanting.
The orc wizard blinks!
You block the orc's attack.
You closely miss the orc. The orc closely misses you.
You closely miss the orc.
The orc wizard points at you and mumbles some strange words.
The magic dart hits you!
* * * LOW HITPOINT WARNING * * *
The orc hits you with a hand axe.
You die...

#.......##.._..##.#
...####)†.........###.#
#.P.......P.....>
#....###§.P.###.#
#......#..oP.#
#.#.P........#
#.##.........# #.
###...##(## #. ######@#
#. #o# #.# #.# #.# #.#
#.# #.#


You could see an orc wizard and an orc.

Vanquished Creatures
  2 adders (D:2)
  An ooze (D:1)
  2 worms (D:2)
  A leopard gecko (D:2)
  3 orcs
  A ball python (D:3)
  5 bats
  4 giant cockroaches
  7 goblins
  5 hobgoblins
  A frilled lizard (D:3)
  5 kobolds
  2 rats
39 creatures vanquished.

Notes
Turn   | Place    | Note
-------+----------+-------------------------------------------
     0 | D:1      | dajomu the Human Fighter began the quest for the Orb.
     0 | D:1      | Reached XP level 1. HP: 18/18 MP: 1/1
   258 | D:1      | Reached XP level 2. HP: 24/24 MP: 2/2
   776 | D:2      | Reached XP level 3. HP: 25/29 MP: 3/3
  1654 | D:2      | Reached XP level 4. HP: 27/35 MP: 4/4
  1864 | D:3      | Found an ancient bone altar of Kikubaaqudgha.
  1929 | D:3      | Slain by an orc

Action                   |  1- 3 |  4- 6 || total
-------------------------+-------+-------++-------
Melee: Long sword        |   101 |    61 ||   162
Evoke: Wand              |       |     1 ||     1
  Use: Scroll            |     6 |       ||     6
  Eat: Fruit             |     2 |     1 ||     3
Armor: Scale mail        |    59 |    17 ||    76
Dodge: Dodged            |    40 |    15 ||    55
Block: Shield            |    68 |    26 ||    94
       Rpst.: Long sword |    12 |     6 ||    18
